 Dungeon Crawl Stone Soup version 0.20-a0-936-gaf809b6 (webtiles) character file.

888 Deemzul the Ruffian (level 8, -9/54 HPs)
             Began as an Octopode Fighter on Mar 30, 2017.
             Splashed by an orc wizard's acid (12 damage)
             ... on level 5 of the Dungeon.
             The game lasted 00:07:30 (3763 turns).

Deemzul the Ruffian (Octopode Fighter)              Turns: 3763, Time: 00:07:33

Health: -9/54      AC: -3    Str: 16    XL:     8   Next: 6%
Magic:  0/8        EV: 13    Int: 10    God:
Gold:   229        SH:  9    Dex: 13    Spells: 7/7 levels left

rFire    . . .     SeeInvis .     - Unarmed
rCold    . . .     Gourm    .   a - +0 shield
rNeg     . . .     Faith    .   (helmet restricted)
rPois    .         Spirit   +   y - amulet of guardian spirit
rElec    .         Reflect  .   (no ring)
rCorr    .         Harm     .   (no ring)
MR       .....                  (no ring)
Stlth    +++.......             (no ring)
Regen    0.2/turn               (no ring)
MPRegen  0.2/turn               (no ring)
                                (no ring)
                                (no ring)

@: corroded
A: almost no armour, stealthy swim, amphibious, 8 rings, constrict 8, camouflage
1, gelatinous body 1
a: no special abilities


You were on level 5 of the Dungeon.
You were not hungry.

You visited 1 branch of the dungeon, and saw 5 of its levels.

You collected 229 gold pieces.

Inventory:

Hand Weapons
 l - a +0 hand axe of venom
Armour
 a - a +0 shield (worn)
 B - a +0 buckler
Jewellery
 y - an amulet of guardian spirit (around mantle)
Wands
 u - a wand of random effects (12/48)
 w - a wand of paralysis (8/24)
 E - a wand of random effects (22/48)
Scrolls
 e - 2 scrolls of noise
 f - 4 scrolls of remove curse
 g - 2 scrolls of enchant weapon {unknown}
 h - 3 scrolls of teleportation
 i - a scroll of magic mapping {unknown}
 m - 4 scrolls of identify {unknown}
 p - a scroll of blinking {unknown}
 r - a scroll of immolation {unknown}
 s - a scroll of random uselessness {unknown}
Potions
 b - 2 potions of might
 d - 2 potions of mutation {unknown}
 j - 2 potions of magic {unknown}
 k - 4 potions of curing {unknown}
 q - a potion of agility {unknown}
 t - a potion of invisibility {unknown}
 v - 2 potions of cancellation {unknown}
 z - a potion of resistance {unknown}
 A - a potion of brilliance
 C - a potion of flight {unknown}
Comestibles
 c - 4 bread rations
 n - 4 meat rations
 o - a royal jelly
 x - 3 fruits


   Skills:
 + Level 4.9 Fighting
 + Level 4.9 Dodging
 + Level 3.4 Stealth
 + Level 4.7 Shields
 * Level 5.4 Unarmed Combat


You had 7 spell levels left.
You didn't know any spells.

Dungeon Overview and Level Annotations

Branches:
Dungeon (5/15)
 Temple: D:4-7

Altars:
Qazlal
Ru

Shops:
D:4 :


Innate Abilities, Weirdness & Mutations

You cannot wear most types of armour.
You are very stealthy in the water. (Stealth+)
You are amphibious.
You can wear up to eight rings at the same time.
You can use your tentacles to constrict eight enemies at once.
Your skin changes colour to match your surroundings (Stealth+).
Your rubbery body absorbs attacks. (AC +1, EV +1)


Message History

You barely miss the orc wizard. Your grab misses the orc wizard.
You tentacle-slap the orc wizard, but do no damage.
Your squeeze misses the orc wizard.
The orc wizard zaps a wand.
The bolt of acid hits you!
You are splashed with acid!
The acid burns!
* * * LOW HITPOINT WARNING * * *
The orc wizard hits you with a dagger.
* * * LOW HITPOINT WARNING * * *
You feel much better. You block the orc wizard's attack.
You tentacle-slap the orc wizard. You grab the orc wizard.
The orc wizard is lightly wounded.
You constrict the orc wizard. The orc wizard barely misses you.
The orc wizard gestures at you while chanting.
You resist with some effort.
You tentacle-slap the orc wizard but do no damage.
The orc wizard is lightly wounded.
You constrict the orc wizard.
The orc wizard zaps a wand.
The bolt of acid hits you!
* * * LOW HITPOINT WARNING * * *
You are splashed with acid!
The acid burns!
You die...

##########
#.........
#.########
###########
#........#
#.........######
########.#
#.......$.#....#
#.#
#.........#....#
#.#
#....†oo..#@...#
#.#
###...####o....#
#.# ######...#
#...P.# #.#
##........o#
#..P..# #..
#P.........#
##.8..####### ###
#P.P.......#
#.8.8......#
#.......o..#
#..........#
#P...###...#
#..).......#######
.oo........'
+......>..['......


You could see an orc wizard.

Vanquished Creatures
  Grinder (D:3)
  Sigmund (D:3)
  A hound (D:5)
  2 orc priests
  Crazy Yiuf (D:3)
  A centaur skeleton (D:4)
  Jessica (D:2)
  An iguana (D:4)
  2 orc wizards
  3 worker ants
  A worker ant zombie (D:5)
  Robin (D:2)
  4 adders
  2 oozes
  5 worms
  4 dart slugs
  3 leopard geckos
  20 orcs
  9 bats
  7 giant cockroaches
  10 goblins
  11 hobgoblins
  6 jackals
  9 kobolds
  3 quokkas
  4 ball pythons
  4 frilled lizards
  A jackal skeleton (D:4)
  A jackal zombie (D:5)
  A leopard gecko skeleton (D:5)
  9 rats
  A plant (D:2)
130 creatures vanquished.

Notes
Turn   | Place    | Note
-------+----------+-------------------------------------------
     0 | D:1      | Deemzul the Octopode Fighter began the quest for the Orb.
     0 | D:1      | Reached XP level 1. HP: 16/16 MP: 1/1
   351 | D:1      | Reached XP level 2. HP: 21/21 MP: 2/2
   572 | D:1      | Reached XP level 3. HP: 22/26 MP: 3/3
   708 | D:2      | Noticed Jessica
   792 | D:2      | Killed Jessica
   792 | D:2      | Reached XP level 4. HP: 31/31 MP: 4/4
   835 | D:2      | Reached skill level 3 in Unarmed Combat
   973 | D:2      | Noticed Robin
   988 | D:2      | Killed Robin
  1176 | D:2      | Reached XP level 5. HP: 33/37 MP: 5/5
  1497 | D:3      | Noticed Sigmund
  1710 | D:3      | Killed Sigmund
  1710 | D:3      | Reached skill level 4 in Unarmed Combat
  1710 | D:3      | Reached XP level 6. HP: 31/43 MP: 6/6
  1767 | D:3      | Found a stormy altar of Qazlal.
  1857 | D:3      | Noticed Grinder
  2074 | D:3      | Found a sacrificial altar of Ru.
  2108 | D:3      | Found a runed door.
  2376 | D:3      | Killed Grinder
  2376 | D:3      | Reached XP level 7. HP: 42/49 MP: 1/7
  2582 | D:3      | Noticed Crazy Yiuf
  2590 | D:3      | Killed Crazy Yiuf
  2694 | D:4      | Found Qaliumm's Book Emporium.
  2778 | D:4      | Reached skill level 5 in Unarmed Combat
  3257 | D:5      | Entered Level 5 of the Dungeon
  3528 | D:5      | Reached XP level 8. HP: 48/54 MP: 8/8
  3763 | D:5      | Splashed by an orc wizard's acid

Vault maps used:
D:1:      zelgadis_glass_arrival_small
D:2:      serial_bayou_lagoon_a, uniq_jessica, uniq_robin
D:3:      wad_pebble_path, grunt_qazlal_clouds, first_bread,
          nicolae_ru_path_of_blood, uniq_sigmund, uniq_crazy_yiuf_cottage,
          uniq_grinder
D:4:      serial_shops, shop
D:5:      serial_undead, serial_undead_e, serial_undead_b, serial_undead_c,
          serial_undead_b, serial_undead_e, serial_undead_a, serial_undead_d,
          serial_undead_c, nicolae_for_you_no_charge

Skill      XL: |  1  2  3  4  5  6  7 |
---------------+----------------------+-----
Unarmed Combat | 3 4 5 |  5.4
Fighting       | 4 |  4.9
Dodging        | 4 |  4.9
Shields        | 4 |  4.7
Stealth        | 2 3 |  3.4

Action                   |  1- 3 |  4- 6 |  7- 9 || total
-------------------------+-------+-------+-------++-------
Melee: Unarmed           |    50 |    74 |   100 ||   224
       Constrict         |    11 |    40 |    31 ||    82
       Tentacles         |     9 |    24 |    24 ||    57
       Punch             |     1 |     5 |     5 ||    11
       Hand axe          |       |    58 |       ||    58
  Use: Potion            |       |     3 |     1 ||     4
       Scroll            |       |     3 |       ||     3
 Stab: Sleeping          |     6 |     7 |     3 ||    16
  Eat: Chunk             |       |     5 |     4 ||     9
Armor: Skin              |     7 |     6 |     2 ||    15
Dodge: Dodged            |    16 |    56 |    32 ||   104
Block: Shield            |    21 |    48 |    29 ||    98
